Match 33451767
Unlisted

Match 33451767
End
Construct Infanterie Kompanie
Selects Mechanized Battlegroup
Pioneer Squad
MG 42 Machine Gun Team
MG 42 Machine Gun Team
Construct Panzergrenadier Kompanie
GrW 34 Mortar Team
Pioneer Squad
Panzergrenadier Squad
Panzergrenadier Squad
Construct Panzer Kompanie
Medical Station
Pak 40 Anti-tank Gun Team
Selects Spotting Scopes
Selects Stoßtruppen Assault Package
Panzer Officer Quarters
Stoßtruppen Squad
Stoßtruppen Squad
Stoßtruppen Squad
Selects Zeroing Artillery Barrage
Selects Raid Package
Zeroing Artillery Barrage
Sturmpanzer IV Brummbär
Pak 40 Anti-tank Gun Team
Zeroing Artillery Barrage
Selects StuG Assault Group
Selects UNKNOWN (2160084)
Panther Heavy Tank
Stoßtruppen Squad
Zeroing Artillery Barrage
Pioneer Squad
Panther Heavy Tank
Quick Ben
Bald Pinko
Iron Clad Hulk
Maschinengewehr42
Philipp1500
asylumforlife
gUi
WoW
0
0

Comments sign in to comment!

No comments posted yet!